 Dungeon Crawl Stone Soup version 0.30.1-3-gfc49f6343a (webtiles) character file.

Game seed: 12876654220101924105

35 cjg1290 the Trooper (level 3, -3/33 HPs)
             Began as a Hill Orc Fighter on July 22, 2023.
             Slain by Sigmund
             ... wielding a +0 scythe
              (8 damage)
             ... on level 2 of the Dungeon.
             The game lasted 00:02:24 (673 turns).

cjg1290 the Trooper (Hill Orc Fighter)               Turns: 673, Time: 00:02:25

Health: -3/33      AC:  7    Str: 20    XL:     3   Next: 33%
Magic:  3/3        EV:  9    Int:  8    God:
Gold:   51         SH:  0    Dex: 10    Spells: 2/2 levels left

rFire   . . .        a - +0 war axe
rCold   . . .        c - +0 buckler
rNeg    . . .        b - +0 scale mail
rPois   .            (no helmet)
rElec   .            (no cloak)
rCorr   .            (no gloves)
SInv    .            (no boots)
Will    .....        (no amulet) Stlth
                     (no ring)
HPRegen 0.25/turn    (no ring)
MPRegen 0.08/turn

%: no passive effects
@: confused
A: no striking features
a: no special abilities


You were on level 2 of the Dungeon.
You visited 1 branch of the dungeon, and saw 2 of its levels.

You collected 51 gold pieces.

Inventory:

Hand Weapons
 a - a +0 war axe (weapon)
Missiles
 j - 6 boomerangs (quivered)
Armour
 b - a +0 scale mail (worn)
 c - a +0 buckler (worn)
Scrolls
 f - 2 scrolls of identify {unknown}
 l - 2 scrolls of noise {unknown}
Potions
 d - a potion of might
 e - a potion of ambrosia {unknown}
 g - a potion of lignification {unknown}
 h - a potion of flight {unknown}
 i - 2 potions of curing {unknown}
 k - a potion of heal wounds {unknown}


   Skills:
 + Level 4.0 Fighting
 + Level 3.2 Axes
 + Level 3.7 Armour
 + Level 0.1 Dodging
 + Level 3.7 Shields


You had 2 spell levels left.
You didn't know any spells.
Your spell library contained the following spells:

 Spells                   Type           Power      Damage    Failure   Level
 Animate Dead             Necr           0%         N/A       100%        4
 Haunt                    Necr/Summ      0%         N/A       100%        7
 Infestation              Necr           0%         N/A       100%        8


Dungeon Overview and Level Annotations

Branches:
Dungeon (2/15)

Altars:

Annotations:
D:2 Sigmund


Message History

You barely miss the goblin. The ball python closely misses you.
The ball python constricts you. The goblin hits you with a +0 club.
You block the kobold's attack. The ball python closely misses you.
The ball python constricts you.
You slash the ball python!
You kill the ball python!
You hit the goblin.
You kill the goblin!
You closely miss the kobold. You block the kobold's attack.
You closely miss the kobold. Something hits you.
The kobold hits you but does no damage. You block the kobold's attack.
You slash the kobold!
You kill the kobold!
Something hits you.
Found 9 gold pieces.
You hear some strange, mumbled words.
A puff of flame appears from out of thin air!
The puff of flame hits you.
Things that are here:
a +0 club; a goblin corpse You barely miss something.
Something hits you but does no damage.
You closely miss something. Something hits you.
You closely miss something. You block something's attack.
You miss something. Something hits you but does no damage.
You hit something but do no damage.
You hear some strange, mumbled words.
A magic dart appears from out of thin air!
The magic dart hits you.
* * * LOW HITPOINT WARNING * * *
You miss something. Something hits you but does no damage.
You closely miss something. Something hits you!
* * * LOW HITPOINT WARNING * * *
You miss something. Something hits you but does no damage.
You slash something! Something hits you but does no damage.
You hit something. You closely miss something.
You hear some strange, mumbled words.
You are confused.
Something hits you!
You die...

#.. ...$ #.. .... #####
#.. ..... #...# #..
..... #.#.###### #######
......+......... .......
......#.################
#).<...............
##@).##############
#.{..'.# ## #....#.# ..
#. #.#+##.# ....#. #. #
...... .. ...## ... ## #
.... # #####


There were no monsters in sight!

Vanquished Creatures
  2 endoplasms
  5 goblins
  3 hobgoblins (D:1)
  4 jackals (D:2)
  4 ball pythons
  8 bats
  A frilled lizard (D:1)
  3 kobolds
  2 rats (D:1)
32 creatures vanquished.

Notes
Turn   | Place    | Note
-------+----------+-------------------------------------------
     0 | D:1      | cjg1290 the Hill Orc Fighter began the quest for the Orb.
     0 | D:1      | Reached XP level 1. HP: 19/19 MP: 1/1
    33 | D:1      | Found a faded altar of an unknown god.
   148 | D:1      | Reached XP level 2. HP: 27/27 MP: 2/2
   558 | D:2      | Reached XP level 3. HP: 33/33 MP: 3/3
   565 | D:2      | Reached skill level 4 in Fighting
   654 | D:2      | Noticed Sigmund
   673 | D:2      | Slain by Sigmund

Illustrated notes

Levels and vault maps discovered:
D:1:      amcnicky_arrival_flooded_fountain, layout_basic,
          ebering_ecumenical_altar_mist
D:2:      layout_basic, grunt_decor_one_mirror, uniq_sigmund

Skill      XL: |  1  2  3 |
---------------+----------+-----
Axes           | 3 |  3.2
Fighting       | 4 |  4.0
Armour         | |  3.7
Dodging        | |  0.1
Shields        | |  3.7

Action                     || total
---------------------------++-------
  Melee: War axe           ||    98
 Armour: Scale mail        ||    60
  Dodge: Dodged            ||    69
  Block: Buckler           ||    31
